 Dungeon Crawl Stone Soup version 0.22-a0-247-gbddf880 (webtiles) character file.

108 b5mith the Slasher (level 4, -2/61 HPs)
             Began as a Minotaur Berserker on Feb 24, 2018.
             Was a Believer of Trog.
             Slain by an orc wizard
             ... wielding a +0 dagger
              (4 damage)
             ... on level 2 of the Dungeon.
             The game lasted 00:03:26 (795 turns).

b5mith the Slasher (Minotaur Berserker)              Turns: 795, Time: 00:03:27

Health: -2/61      AC:  2    Str: 27    XL:     4   Next: 58%
Magic:  3/3        EV: 13    Int:  4    God:    Trog [**....]
Gold:   69         SH:  0    Dex: 10    Spells: 3/3 levels left

rFire    . . .     SeeInvis .   a - +0 falchion
rCold    . . .     Gourm    .   (no shield)
rNeg     . . .     Faith    .   b - +0 animal skin
rPois    .         Spirit   .   (helmet restricted)
rElec    .         Reflect  .   (no cloak)
rCorr    .         Harm     .   (no gloves)
MR       .....                  (no boots)
Stlth    ..........             (no amulet)
HPRegen  0.20/turn              (no ring)
MPRegen  0.08/turn              (no ring)

@: berserking, very quick
A: retaliatory headbutt, horns 2
a: Berserk, Trog's Hand, Renounce Religion


You were on level 2 of the Dungeon.
You worshipped Trog.
Trog was pleased with you.
You were not hungry.

You visited 1 branch of the dungeon, and saw 2 of its levels.

You collected 69 gold pieces.

Inventory:

Hand Weapons
 a - a +0 falchion (weapon)
Armour
 b - a +0 animal skin (worn)
Scrolls
 d - 2 scrolls of blinking {unknown}
 e - a scroll of magic mapping {unknown}
 h - 4 scrolls of identify {unknown}
 i - a scroll of teleportation {unknown}
 k - a scroll of fear {unknown}
 l - 2 scrolls of remove curse {unknown}
 m - a scroll of immolation {unknown}
 n - a scroll of enchant weapon {unknown}
Potions
 g - a potion of degeneration {unknown}
 j - 2 potions of curing {unknown}
Comestibles
 c - 3 rations
 f - 7 chunks of flesh


   Skills:
 + Level 4.4 Fighting
 + Level 4.5 Long Blades
 + Level 3.6 Armour
 + Level 3.2 Dodging


You had 3 spell levels left.
You didn't know any spells.

Dungeon Overview and Level Annotations

Branches:
Dungeon (2/15)

Altars:


Innate Abilities, Weirdness & Mutations

You reflexively headbutt those who attack you in melee.
You have a pair of horns on your head.


Message History

You hit the orc priest.
The orc priest is heavily wounded.
The orc priest calls down the wrath of Beogh upon you.
Beogh smites you!
* * * LOW HITPOINT WARNING * * *
A red film seems to cover your vision as you go berserk!
You feel yourself moving faster!
You feel mighty!
You feel quite a bit more hungry. The orc priest misses you.
You barely miss the orc priest.
You kill the orc priest!
Trog accepts your kill.
You closely miss the orc wizard. You closely miss the orc wizard.
The orc wizard gestures at you while chanting.
The magic dart hits you!
* * * LOW HITPOINT WARNING * * *
You slash the orc wizard! Your headbutt misses the orc wizard.
The orc wizard is severely wounded.
The orc wizard hits you with a dagger.
You die...

#.####.###.##
#.# #.# ###
#.#
#.#########
#.#
#.#.......#
#.#
#.#)#####.#
#.# #.#.#
#)#######.
#.# #...#
#.........
... ###.#
#.########
#.#####@#
#.....o.#
###..#### #..
.. .. ## ..#


You could see an orc wizard.

Vanquished Creatures
  An orc priest (D:2)
  2 adders (D:2)
  A gnoll (D:1)
  2 dart slugs
  3 orcs (D:2)
  3 giant cockroaches
  2 goblins
  6 hobgoblins
  5 jackals (D:1)
  A quokka (D:2)
  6 bats
  2 frilled lizards
  5 kobolds
  7 rats
46 creatures vanquished.

Notes
Turn   | Place    | Note
-------+----------+-------------------------------------------
     0 | D:1      | b5mith the Minotaur Berserker began the quest for the Orb.
     0 | D:1      | Reached XP level 1. HP: 19/19 MP: 0/0
    54 | D:1      | Reached XP level 2. HP: 21/27 MP: 1/1
   311 | D:1      | Reached XP level 3. HP: 20/33 MP: 2/2
   312 | D:1      | Reached ** piety under Trog
   698 | D:2      | Reached XP level 4. HP: 23/40 MP: 3/3
   794 | D:2      | HP: 2/61 [orc wizard/magic dart (3)]
   795 | D:2      | Slain by an orc wizard

Vault maps used:
D:1:      tarquinn_simple_flora_water_f
D:2:      first_ration, patterned_corridor

Skill      XL: |  1  2  3 |
---------------+----------+-----
Fighting       | 4 |  4.4
Long Blades    | 4 |  4.5
Armour         | 3 |  3.6
Dodging        | 3 |  3.2

Action                   |  1- 3 |  4- 6 || total
-------------------------+-------+-------++-------
Melee: Falchion          |    70 |    20 ||    90
       Headbutt          |    12 |     8 ||    20
Invok: Berserk           |     1 |     1 ||     2
  Eat: Chunk             |       |     1 ||     1
Armor: Animal skin       |     6 |       ||     6
Dodge: Dodged            |    62 |     7 ||    69
       Rpst.: Falchion   |    15 |     1 ||    16

Table legend:
 A = Spawn XP
 B = Non-spawn XP
 C = Spawn XP percentage of total XP
 D = Spawn monster count
 E = Non-spawn monster count
 F = Spawn count percentage of total count
 G = Total turns spent on level
                    A         B        C        D         E        F      G
               +---------+---------+-------+---------+---------+-------+---------
         Total |       0 |     155 |   0.0 |       0 |      46 |   0.0 |   795
               +---------+---------+-------+---------+---------+-------+---------
           D:1 |       0 |      48 |   0.0 |       0 |      22 |   0.0 |   437
           D:2 |       0 |     107 |   0.0 |       0 |      24 |   0.0 |   358
               +---------+---------+-------+---------+---------+-------+---------
